 Dungeon Crawl Stone Soup version 0.23.0-28-g6fe0f4dc8b (webtiles) character file.

Game seed: 13989347259259968715

28 Chiseanne the Grasshopper (level 3, -3/25 HPs)
             Began as an Octopode Warper on Feb 26, 2019.
             Slain by a gnoll
             ... wielding a +0 spear
              (5 damage)
             ... on level 2 of the Dungeon.
             The game lasted 00:01:34 (1213 turns).

Chiseanne the Grasshopper (Octopode Warper)         Turns: 1213, Time: 00:01:34

Health: -3/25      AC:  1    Str: 11    XL:     3   Next: 14%
Magic:  6/6        EV: 13    Int: 15    God:
Gold:   78         SH:  0    Dex: 11    Spells: 6/6 levels left

rFire    . . .     SeeInvis .   a - +0 short sword
rCold    . . .     Gourm    .   (no shield)
rNeg     . . .     Faith    .   (helmet restricted)
rPois    .         Spirit   .   (no amulet)
rElec    .         Reflect  .   (no ring)
rCorr    .         Harm     .   (no ring)
MR       .....                  (no ring)
Stlth    +++.......             (no ring)
HPRegen  0.08/turn              (no ring)
MPRegen  0.10/turn              (no ring)
                                (no ring)
                                (no ring)

@: no status effects
A: almost no armour, stealthy swim, amphibious, 8 rings, constrict 8, camouflage
1, gelatinous body 1
a: no special abilities


You were on level 2 of the Dungeon.
You were not hungry.

You visited 1 branch of the dungeon, and saw 2 of its levels.

You collected 78 gold pieces.

Inventory:

Hand Weapons
 a - a +0 short sword (weapon)
Missiles
 d - 5 tomahawks of dispersal (quivered)
 e - 49 stones
 h - 10 bolts
 j - 13 poisoned needles
Scrolls
 b - 2 scrolls of identify
 c - a scroll of blinking
 l - a scroll of magic mapping {unknown}
Potions
 g - a potion of might {unknown}
 i - a potion of berserk rage
 k - a potion of curing {unknown}
Comestibles
 f - a ration
 m - a chunk of flesh


   Skills:
 + Level 2.4 Fighting
 - Level 2.0 Short Blades
 - Level 1.0 Throwing
 + Level 2.7 Dodging
 * Level 2.7 Stealth
 - Level 2.0 Spellcasting
   Level 3.0 Translocations


You had 6 spell levels left.
You didn't know any spells.
Your spell library contained the following spells:

 Spells                   Type           Power        Failure   Level  Hunger
 Blink                    Tloc           N/A          10%         2    ###....
 Shroud of Golubria       Chrm/Tloc      #.........   19%         2    ###....
 Gell's Gravitas          Tloc           ##........   19%         3    ###....
 Lesser Beckoning         Tloc           ##........   19%         3    ###....
 Teleport Other           Tloc           ##......     19%         3    ###....
 Passage of Golubria      Tloc           N/A          54%         4    #####..


Dungeon Overview and Level Annotations

Branches:
Dungeon (2/15)

Altars:


Innate Abilities, Weirdness & Mutations

You cannot wear most types of armour.
You are very stealthy in the water. (Stealth+)
You are amphibious.
You can wear up to eight rings at the same time.
You can use your tentacles to constrict eight enemies at once.
Your skin changes colour to match your surroundings (Stealth+).
Your rubbery body absorbs attacks. (AC +1, EV +1)


Message History

No target in view!
No target in view!
No target in view!
No target in view!
You see here a frilled lizard corpse.
A gnoll comes into view. It is wielding a +0 spear.
The gnoll shouts!
You hear a shout! x2
The gnoll hits you from afar with a +0 spear!
The gnoll hits you with a +0 spear!
* * * LOW HITPOINT WARNING * * *
A gnoll comes into view.
You closely miss the gnoll. Your grab misses the gnoll. The gnoll misses you.
You barely miss the gnoll. You grab the gnoll. You constrict the gnoll.
A gnoll comes into view. It is wielding a +0 whip.
The gnoll hits you with a +0 spear.
* * * LOW HITPOINT WARNING * * *
You hit the gnoll.
The gnoll is moderately wounded.
You constrict the gnoll. The gnoll hits you with a +0 spear.
You die... ### ##># gg#

#g# #@# .# #.# )# #.# #
.# #.##.# .
#.#######....####.
#................#######
#######........รท........
#.########.######
#.#.............#


You could see 3 gnolls.

Vanquished Creatures
  A worm (D:2)
  A giant cockroach (D:1)
  A goblin (D:1)
  2 hobgoblins
  3 jackals
  2 kobolds
  3 quokkas (D:2)
  A ball python (D:2)
  4 bats
  4 frilled lizards (D:2)
  2 rats
24 creatures vanquished.

Notes
Turn   | Place    | Note
-------+----------+-------------------------------------------
     0 | D:1      | Chiseanne the Octopode Warper began the quest for the Orb.
     0 | D:1      | Reached XP level 1. HP: 14/14 MP: 3/3
    61 | D:1      | Reached skill level 1 in Stealth
   136 | D:1      | Reached XP level 2. HP: 15/19 MP: 5/5
  1000 | D:2      | Reached XP level 3. HP: 16/25 MP: 6/6
  1213 | D:2      | Slain by a gnoll

Skill      XL: |  1  2 |
---------------+-------+-----
Stealth        | 1 2 |  2.7
Fighting       | |  2.4
Short Blades   | |  2.0
Throwing       | |  1.0
Dodging        | |  2.7
Spellcasting   | |  2.0
Translocations | |  3.0

Action                   || total
-------------------------++-------
Melee: Short sword       ||    52
       Constrict         ||    14
       Tentacles         ||     5
  Use: Scroll            ||     2
 Stab: Sleeping          ||     7
  Eat: Chunk             ||     1
Armor: Skin              ||     4
Dodge: Dodged            ||    32
